Sabres vs Oilers

Created - Saturday, December 12, 2015 at 01:38

Goals
1 2 3 T
Sabres 1 1 1 3
Oilers 2 2 0 4
Shots
1 2 3 T
Sabres 11 8 10 29
Oilers 12 7 7 26

1st period

1. Oilers , David Desharnais 6 (Darren Helm, Brayden McNabb) at 6:48
2. Sabres , Benoit Pouliot 16 (Alex Pietrangelo) at 11:16
3. Oilers , Nicklas Backstrom 13 (Niklas Hjalmarsson) at 16:36 (PP)

Penalties :
Andrew MacDonald (Edm) for Holding (Minor) at 8:05, Ryan Kesler (Buf) for Hooking (Minor) at 16:31

2nd period

4. Oilers , Patrick Marleau 7 (Lars Eller, Nicklas Backstrom) at 0:22 (PP)
5. Sabres , Benoit Pouliot 17 (Blake Wheeler, Ryan Kesler) at 13:29 (PP)
6. Oilers , Brayden Schenn 16 (Andrew Ladd, Lars Eller) at 17:39

Penalties :
Ryan Kesler (Buf) for Hooking (Minor) at 0:15, Brett Connolly (Edm) for Holding (Minor) at 5:49, Chris Higgins (Buf) for Hooking (Minor) at 8:44, Brayden McNabb (Edm) for Tripping (Minor) at 11:46, Niklas Hjalmarsson (Edm) for Holding (Minor) at 15:14

3rd period

7. Sabres , Gustav Nyquist 7 (Sidney Crosby, Alec Martinez) at 2:19

Penalties :
Steven Stamkos (Buf) for Interference (Minor) at 1:09, Brayden Schenn (Edm) for Hooking (Minor) at 1:44, Brooks Orpik (Buf) for Hooking (Minor) at 7:17, Matt Bartkowski (Buf) for Tripping (Minor) at 13:17, Taylor Fedun (Edm) for Interference (Minor) at 17:43

Goalie Stats

Karri Ramo (Buf), 22 saves from 26 shots - (0.846), L, 5-3-0, 58:52 minutes
Jaroslav Halak (Edm), 26 saves from 29 shots - (0.897), W, 18-5-2, 60:00 minutes

Players Stats for Sabres

Player Name              G  A  P  +/- PIM S  H  SB GA TA FO     MP     PP MP  PK MP  
------------------------------------------------------------------------------------
Alec Martinez            0  1  1   1  0   0  1  1  0  1  0/0    22:56   4:49   2:08 
Alex Pietrangelo         0  1  1   0  0   3  0  2  1  1  0/0    27:21   4:49   4:36 
Benoit Pouliot           2  0  2   1  0   4  4  0  1  0  0/5    14:52   4:34   1:07 
Blake Wheeler            0  1  1   0  0   0  2  0  2  0  0/0    17:08   4:34   0:00 
Boyd Gordon              0  0  0  -2  0   1  1  0  2  0  6/13   12:27   0:00   3:45 
Brooks Orpik             0  0  0  -1  2   1  1  1  0  5  0/0    17:01   0:00   2:43 
Chris Higgins            0  0  0   1  2   2  0  0  2  0  0/1    11:26   0:00   2:44 
David Perron             0  0  0   0  0   2  0  0  1  0  0/1    12:34   0:29   0:00 
Dwight King              0  0  0  -2  0   0  0  0  1  0  0/1    10:58   0:00   2:59 
Gustav Nyquist           1  0  1   1  0   2  0  0  3  1  0/0    18:44   5:11   0:01 
Jack Skille              0  0  0  -2  0   0  0  0  3  0  0/0     7:59   0:00   0:00 
Jay Bouwmeester          0  0  0   0  0   4  0  1  0  1  0/0    20:47   5:25   2:08 
Matt Bartkowski          0  0  0   0  2   0  0  1  0  0  0/0    12:05   0:00   0:00 
Pierre-Alexandre Parente 0  0  0   1  0   0  0  0  0  0  1/1     8:00   0:00   0:00 
Rasmus Ristolainen       0  0  0   0  0   1  1  0  0  1  0/0    20:03   5:25   1:53 
Ryan Kesler              0  1  1   0  4   2  2  0  2  0  13/16  20:31   4:34   2:52 
Sidney Crosby            0  1  1   1  0   5  0  0  8  0  17/21  18:53   5:40   0:00 
Steven Stamkos           0  0  0   0  2   2  2  0  5  0  0/1    18:01   5:40   0:00 

Players Stats for Oilers

Player Name              G  A  P  +/- PIM S  H  SB GA TA FO     MP     PP MP  PK MP  
------------------------------------------------------------------------------------
Andrew Ladd              0  1  1   0  0   3  3  1  0  0  0/1    20:55   3:56   4:30 
Andrew MacDonald         0  0  0   0  2   0  1  3  0  2  0/0    18:59   0:00   4:10 
Brayden McNabb           0  1  1   1  2   1  1  0  0  1  0/0    11:01   0:00   0:26 
Brayden Schenn           1  0  1   1  2   3  2  0  1  0  1/2    13:43   2:47   0:00 
Brett Connolly           0  0  0  -1  2   2  2  0  2  1  2/9    12:41   0:00   0:00 
Darren Helm              0  1  1   1  0   3  0  0  5  1  0/0    17:25   2:00   5:44 
David Desharnais         1  0  1   1  0   2  2  0  3  0  5/9    11:01   2:48   0:00 
Jamie McGinn             0  0  0  -1  0   0  0  0  3  1  0/0    12:30   0:00   0:00 
Jannik Hansen            0  0  0   1  0   0  1  0  0  1  1/1     7:39   0:00   0:00 
Jason Demers             0  0  0   0  0   3  3  1  0  2  0/0    23:00   2:00   4:46 
Lars Eller               0  2  2   1  0   2  0  1  0  1  5/11   14:57   3:56   0:00 
Nick Bonino              0  0  0   0  0   0  0  0  1  0  1/4    17:18   2:48   4:27 
Nicklas Backstrom        1  1  2  -1  0   3  5  2  1  0  6/16   15:16   3:56   0:03 
Niklas Hjalmarsson       0  1  1  -1  2   0  0  2  1  4  0/0    25:49   4:44   4:43 
Patrick Marleau          1  0  1   0  0   2  1  1  0  2  1/6    21:28   4:44   5:44 
Ryan McDonagh            0  0  0  -1  0   0  0  2  0  3  0/0    21:49   0:00   6:23 
Taylor Fedun             0  0  0   1  2   0  0  1  0  1  0/0    10:28   0:00   0:00 
Trevor Lewis             0  0  0  -1  0   2  2  0  0  0  1/1    12:17   0:00   0:00 

3 Stars

1 - Benoit Pouliot (Buf)
2 - Nicklas Backstrom (Edm)
3 - David Desharnais (Edm)

Power Play

Sabres - 1 on 6 Attempt(s) - 16.67%
Oilers - 2 on 6 Attempt(s) - 33.33%

Penalty Kill

Sabres - 4 on 6 Attempt(s) - 66.67% - Score 0 goal in Penalty Kill
Oilers - 5 on 6 Attempt(s) - 83.33% - Score 0 goal in Penalty Kill

Team Stat

Sabres - Hits : 14 - Faceoff Wins : 37 - Blocked Shots : 6 - Penalty Minutes : 12
Oilers - Hits : 23 - Faceoff Wins : 23 - Blocked Shots : 14 - Penalty Minutes : 12

Official

Referees : Unknown
Linesman : Unknown

Game Notes

No Game Note

Finance

Level 1 -- Attendance: 4532 (75.53%) -- Ticket Income $398,816
Level 2 -- Attendance: 3746 (74.92%) -- Ticket Income $224,760
Level 3 -- Attendance: 1298 (64.90%) -- Ticket Income $45,430
Level 4 -- Attendance: 3506 (87.65%) -- Ticket Income $63,108
Luxury Box -- Attendance: 744 (74.40%) -- Ticket Income $139,872
Game was played at the Rexall Place.
Total Attendance: 13826 (76.81%)
Total Ticket Income: $871,986
Other Income: $427,273
Total Income: $1,299,259

Sabres

5 vs 5 Forward 
   Center                   Left Wing                Right Wing               Time % Phy DF OF 
 1 Sidney Crosby            Gustav Nyquist           Blake Wheeler            35     0   2  3  
 2 Ryan Kesler              David Perron             Steven Stamkos           33     0   2  3  
 3 Benoit Pouliot           Chris Higgins            Pierre-Alexandre Parentea20     1   2  2  
 4 Boyd Gordon              Jack Skille              Dwight King              12     2   3  0  

5 vs 5 Defense 
   Defense                  Defense                                           Time % Phy DF OF 
 1 Alex Pietrangelo         Brooks Orpik                                      35     1   2  2  
 2 Jay Bouwmeester          Rasmus Ristolainen                                30     1   3  1  
 3 Matt Bartkowski          Alec Martinez                                     25     3   2  0  
 4 Alex Pietrangelo         Alec Martinez                                     10     0   2  3  

PowerPlay Forward 
   Center                   Left Wing                Right Wing               Time % Phy DF OF 
 1 Sidney Crosby            Gustav Nyquist           Steven Stamkos           57     0   0  5  
 2 Ryan Kesler              Benoit Pouliot           Blake Wheeler            43     0   1  4  

PowerPlay Defense
   Defense                  Defense                                           Time % Phy DF OF 
 1 Alex Pietrangelo         Alec Martinez                                     57     0   1  4  
 2 Jay Bouwmeester          Rasmus Ristolainen                                43     1   1  3  

Penalty Kill 4 Players Forward 
   Center                   Wing                     Time % Phy DF OF 
 1 Boyd Gordon              Chris Higgins            50     2   3  0  
 2 Ryan Kesler              Dwight King              50     1   4  0  

Penalty Kill 4 Players Defense
   Defense                  Defense                  Time % Phy DF OF 
 1 Alex Pietrangelo         Brooks Orpik             50     1   3  1  
 2 Jay Bouwmeester          Alec Martinez            50     2   3  0  

Penalty Kill - 3 Players Forward 
   Forward                                           Time % Phy DF OF 
 1 Boyd Gordon                                       50     1   4  0  
 2 Ryan Kesler                                       50     1   4  0  

Penalty Kill - 3 Players Defense
   Defense                  Defense                  Time % Phy DF OF 
 1 Alex Pietrangelo         Brooks Orpik             50     2   2  1  
 2 Jay Bouwmeester          Alec Martinez            50     2   2  1  

4 vs 4 Forward 
   Center                   Wing                     Time % Phy DF OF 
 1 Sidney Crosby            Steven Stamkos           57     0   2  3  
 2 Ryan Kesler              Blake Wheeler            43     1   2  2  

4 vs 4 Defense
   Defense                  Defense                  Time % Phy DF OF 
 1 Alex Pietrangelo         Alec Martinez            57     1   2  2  
 2 Jay Bouwmeester          Rasmus Ristolainen       43     1   2  2  

Last Minutes Offensive
   Center                   Left Wing                Right Wing               Defense                  Defense                  
   Sidney Crosby            Gustav Nyquist           Steven Stamkos           Alex Pietrangelo         Rasmus Ristolainen       

Last Minutes Defensive
   Center                   Left Wing                Right Wing               Defense                  Defense                  
   Ryan Kesler              Chris Higgins            Blake Wheeler            Alex Pietrangelo         Brooks Orpik             

Goaltenders
Starting : Karri Ramo               
Backup : Ondrej Pavelec           

Extra Forwards
Normal : Gustav Nyquist, David Perron, Benoit Pouliot - PP : Blake Wheeler, David Perron - PK : Chris Higgins
Extra Defensemen
Normal : Rasmus Ristolainen, Matt Bartkowski, Alec Martinez - PP : Matt Bartkowski - PK : Rasmus Ristolainen, Matt Bartkowski
Penalty Shots
Sidney Crosby, Steven Stamkos, Gustav Nyquist, Ryan Kesler, Blake Wheeler

Oilers

5 vs 5 Forward 
   Center                   Left Wing                Right Wing               Time % Phy DF OF 
 1 Lars Eller               Andrew Ladd              Brayden Schenn           30     1   1  3  
 2 Nicklas Backstrom        Nick Bonino              Patrick Marleau          30     1   1  3  
 3 David Desharnais         Darren Helm              Jannik Hansen            20     1   2  2  
 4 Brett Connolly           Trevor Lewis             Jamie McGinn             20     1   2  2  

5 vs 5 Defense 
   Defense                  Defense                                           Time % Phy DF OF 
 1 Ryan McDonagh            Niklas Hjalmarsson                                35     1   4  0  
 2 Jason Demers             Andrew MacDonald                                  30     1   4  0  
 3 Brayden McNabb           Taylor Fedun                                      20     1   4  0  
 4 Ryan McDonagh            Niklas Hjalmarsson                                15     1   4  0  

PowerPlay Forward 
   Center                   Left Wing                Right Wing               Time % Phy DF OF 
 1 Nicklas Backstrom        Andrew Ladd              Lars Eller               60     1   0  4  
 2 David Desharnais         Nick Bonino              Brayden Schenn           40     1   0  4  

PowerPlay Defense
   Defense                  Defense                                           Time % Phy DF OF 
 1 Niklas Hjalmarsson       Patrick Marleau                                   60     1   2  2  
 2 Jason Demers             Darren Helm                                       40     1   2  2  

Penalty Kill 4 Players Forward 
   Center                   Wing                     Time % Phy DF OF 
 1 Patrick Marleau          Darren Helm              50     1   4  0  
 2 Nick Bonino              Andrew Ladd              50     1   4  0  

Penalty Kill 4 Players Defense
   Defense                  Defense                  Time % Phy DF OF 
 1 Ryan McDonagh            Niklas Hjalmarsson       60     1   4  0  
 2 Jason Demers             Andrew MacDonald         40     1   4  0  

Penalty Kill - 3 Players Forward 
   Forward                                           Time % Phy DF OF 
 1 Nick Bonino                                       60     1   4  0  
 2 Lars Eller                                        40     1   4  0  

Penalty Kill - 3 Players Defense
   Defense                  Defense                  Time % Phy DF OF 
 1 Brayden McNabb           Niklas Hjalmarsson       60     1   4  0  
 2 Jason Demers             Andrew MacDonald         40     1   4  0  

4 vs 4 Forward 
   Center                   Wing                     Time % Phy DF OF 
 1 Nicklas Backstrom        Andrew Ladd              60     1   0  4  
 2 Nick Bonino              Patrick Marleau          40     1   0  4  

4 vs 4 Defense
   Defense                  Defense                  Time % Phy DF OF 
 1 Ryan McDonagh            Niklas Hjalmarsson       60     1   4  0  
 2 Jason Demers             Andrew MacDonald         40     1   4  0  

Last Minutes Offensive
   Center                   Left Wing                Right Wing               Defense                  Defense                  
   Nicklas Backstrom        Andrew Ladd              Lars Eller               Ryan McDonagh            Patrick Marleau          

Last Minutes Defensive
   Center                   Left Wing                Right Wing               Defense                  Defense                  
   Nick Bonino              Andrew Ladd              Darren Helm              Ryan McDonagh            Niklas Hjalmarsson       

Goaltenders
Starting : Jaroslav Halak           
Backup : Jeremy Smith             

Extra Forwards
Normal : Andrew Ladd, Darren Helm, David Desharnais - PP : Brayden Schenn, Patrick Marleau - PK : Patrick Marleau
Extra Defensemen
Normal : Brayden McNabb, Niklas Hjalmarsson, Jason Demers - PP : Brayden McNabb - PK : Niklas Hjalmarsson, Jason Demers
Penalty Shots
David Desharnais, Andrew Ladd, Darren Helm, Nick Bonino, Nicklas Backstrom

% Time on Ice - Sabres

Lines # - Real PCT - Wanted PCT - Time Play
Normal Forward
1 - 30% - 35% - 12:32
2 - 32% - 33% - 13:07
3 - 19% - 20% - 8:00
4 - 19% - 12% - 7:59
Normal Defense
1 - 36% - 35% - 14:58
2 - 32% - 30% - 13:14
3 - 29% - 25% - 11:52
4 - 4% - 10% - 1:34
PP Forward
1 - 55% - 57% - 5:40
2 - 45% - 43% - 4:34
PP Defense
1 - 47% - 57% - 4:49
2 - 53% - 43% - 5:25
PK Forward
1 - 56% - 50% - 3:45
2 - 44% - 50% - 2:59
PK Defense
1 - 68% - 50% - 4:36
2 - 32% - 50% - 2:08
PK3 Forward
1 - 0% - 50%
2 - 0% - 50%
PK3 Defense
1 - 0% - 50%
2 - 0% - 50%
44 Forward
1 - 100% - 57% - 1:24
2 - 0% - 43% - 0:00
44 Defense
1 - 100% - 57% - 1:24
2 - 0% - 43% - 0:00
Last Minute Offensive  - 0:00
Last Minute Defensive  - 0:00
Total
Forward - 60:00
Defense - 60:00

% Time on Ice - Oilers

Lines # - Real PCT - Wanted PCT - Time Play
Normal Forward
1 - 28% - 30% - 11:39
2 - 24% - 30% - 9:50
3 - 18% - 20% - 7:39
4 - 30% - 20% - 12:17
Normal Defense
1 - 28% - 35% - 11:45
2 - 39% - 30% - 16:13
3 - 25% - 20% - 10:25
4 - 7% - 15% - 3:02
PP Forward
1 - 58% - 60% - 3:56
2 - 42% - 40% - 2:48
PP Defense
1 - 70% - 60% - 4:44
2 - 30% - 40% - 2:00
PK Forward
1 - 57% - 50% - 5:47
2 - 43% - 50% - 4:27
PK Defense
1 - 62% - 60% - 6:23
2 - 38% - 40% - 3:51
PK3 Forward
1 - 0% - 60%
2 - 0% - 40%
PK3 Defense
1 - 0% - 60%
2 - 0% - 40%
44 Forward
1 - 100% - 60% - 1:24
2 - 0% - 40% - 0:00
44 Defense
1 - 99% - 60% - 1:23
2 - 1% - 40% - 0:01
Last Minute Offensive  - 0:00
Last Minute Defensive  - 0:13
Total
Forward - 60:00
Defense - 60:00

Play by Play

1st period


0:01 of 1st period - Brayden Schenn wins face-off versus Sidney Crosby in neutral zone.
0:16 of 1st period - Snap shot by Sidney Crosby.
0:16 of 1st period - Stopped by Jaroslav Halak with a rebound.
0:54 of 1st period - Snap shot by Ryan Kesler.
0:54 of 1st period - Shot Misses the Net.
1:02 of 1st period - Jay Bouwmeester is hit by Nicklas Backstrom and loses puck.
1:17 of 1st period - Snap shot by Ryan Kesler.
1:17 of 1st period - Shot Misses the Net.
1:29 of 1st period - Snap shot by Chris Higgins.
1:29 of 1st period - Stopped by Jaroslav Halak with a rebound.
1:38 of 1st period - Icing by Niklas Hjalmarsson.
1:39 of 1st period - Nicklas Backstrom wins face-off versus Benoit Pouliot in Oilers zone.
1:44 of 1st period - Benoit Pouliot is hit by Nicklas Backstrom and loses puck.
2:03 of 1st period - Wrist shot by Benoit Pouliot.
2:03 of 1st period - Shot Blocked by Patrick Marleau.
2:05 of 1st period - Slapshot by Rasmus Ristolainen.
2:05 of 1st period - Deflect By Benoit Pouliot.
2:05 of 1st period - Shot Blocked by Ryan McDonagh.
2:05 of 1st period - Puck is out of play.
2:06 of 1st period - Boyd Gordon wins face-off versus David Desharnais in Oilers zone.
2:23 of 1st period - Wrist shot by Darren Helm.
2:23 of 1st period - Shot Misses the Net.
2:25 of 1st period - Slapshot by Jannik Hansen.
2:25 of 1st period - Shot Misses the Net.
2:27 of 1st period - Snap shot by Darren Helm.
2:27 of 1st period - Stopped by Karri Ramo with a rebound.
2:29 of 1st period - Snap shot by Jannik Hansen.
2:29 of 1st period - Deflect By David Desharnais.
2:29 of 1st period - Shot Blocked by Alex Pietrangelo.
2:29 of 1st period - Puck is out of play.
2:30 of 1st period - Sidney Crosby wins face-off versus Brett Connolly in Sabres zone.
2:54 of 1st period - Wrist shot by Sidney Crosby.
2:54 of 1st period - Deflect By Gustav Nyquist.
2:54 of 1st period - Deflect By Jamie McGinn.
2:54 of 1st period - Stopped by Jaroslav Halak with a rebound.
3:24 of 1st period - Andrew Ladd is hit by Ryan Kesler and loses puck.
3:32 of 1st period - Slapshot by Brooks Orpik.
3:32 of 1st period - Shot Blocked by Andrew MacDonald.
3:34 of 1st period - Slapshot by Steven Stamkos.
3:34 of 1st period - Shot Misses the Net.
3:36 of 1st period - Snap shot by Alex Pietrangelo.
3:36 of 1st period - Shot Blocked by Lars Eller.
3:38 of 1st period - Wrist shot by David Perron.
3:38 of 1st period - Stopped by Jaroslav Halak with a rebound.
3:40 of 1st period - Slapshot by Alex Pietrangelo.
3:40 of 1st period - Stopped by Jaroslav Halak without a rebound.
3:41 of 1st period - Jannik Hansen wins face-off versus Boyd Gordon in Oilers zone.
4:00 of 1st period - Icing by Brooks Orpik.
4:01 of 1st period - Boyd Gordon wins face-off versus David Desharnais in Sabres zone.
4:01 of 1st period - Boyd Gordon is hit by Jason Demers.
4:13 of 1st period - Wrist shot by Darren Helm.
4:13 of 1st period - Shot Misses the Net.
4:15 of 1st period - Snap shot by David Desharnais.
4:15 of 1st period - Deflect By Alex Pietrangelo.
4:15 of 1st period - Shot Misses the Net.
4:15 of 1st period - Puck is out of play.
4:16 of 1st period - Lars Eller wins face-off versus Steven Stamkos in Sabres zone.
4:19 of 1st period - Wrist shot by Brayden Schenn.
4:19 of 1st period - Stopped by Karri Ramo without a rebound.
4:20 of 1st period - Ryan Kesler wins face-off versus Lars Eller in Sabres zone.
4:26 of 1st period - Off-side.
4:27 of 1st period - Ryan Kesler wins face-off versus Lars Eller in neutral zone.
4:50 of 1st period - Wrist shot by Steven Stamkos.
4:50 of 1st period - Stopped by Jaroslav Halak with a rebound.
4:58 of 1st period - Wrist shot by Brayden Schenn.
4:58 of 1st period - Stopped by Karri Ramo with a rebound.
5:00 of 1st period - Snap shot by Andrew Ladd.
5:00 of 1st period - Stopped by Karri Ramo with a rebound.
5:02 of 1st period - Wrist shot by Lars Eller.
5:02 of 1st period - Stopped by Karri Ramo with a rebound.
5:04 of 1st period - Snap shot by Niklas Hjalmarsson.
5:04 of 1st period - Shot Misses the Net.
5:45 of 1st period - Snap shot by Sidney Crosby.
5:45 of 1st period - Shot Blocked by Niklas Hjalmarsson.
6:13 of 1st period - Slapshot by Benoit Pouliot.
6:13 of 1st period - Stopped by Jaroslav Halak with a rebound.
6:15 of 1st period - Wrist shot by Jay Bouwmeester.
6:15 of 1st period - Stopped by Jaroslav Halak with a rebound.
6:17 of 1st period - Snap shot by Rasmus Ristolainen.
6:17 of 1st period - Stopped by Jaroslav Halak with a rebound.
6:19 of 1st period - Slapshot by Jay Bouwmeester.
6:19 of 1st period - Shot Misses the Net.
6:21 of 1st period - Slapshot by Jay Bouwmeester.
6:21 of 1st period - Deflect By Pierre-Alexandre Parenteau.
6:21 of 1st period - Shot Blocked by Andrew MacDonald.
6:21 of 1st period - Puck is out of play.
6:22 of 1st period - David Desharnais wins face-off versus Dwight King in Oilers zone.
6:31 of 1st period - Boyd Gordon is hit by Brayden McNabb and loses puck.
6:46 of 1st period - Wrist shot by Darren Helm.
6:46 of 1st period - Shot Misses the Net.
6:48 of 1st period - Snap shot by David Desharnais.
6:48 of 1st period - Goal by David Desharnais - Sabres : 0 - Oilers : 1.
6:49 of 1st period - Sidney Crosby wins face-off versus Nicklas Backstrom in neutral zone.
8:05 of 1st period - Minor Penalty to Andrew MacDonald for Holding.
8:06 of 1st period - Sidney Crosby wins face-off versus Patrick Marleau in Oilers zone.
10:05 of 1st period - Penalty to Andrew MacDonald is over, Andrew MacDonald is back on ice.
10:22 of 1st period - Jamie McGinn is hit by Steven Stamkos and loses puck.
10:39 of 1st period - Snap shot by Dwight King.
10:39 of 1st period - Shot Misses the Net.
11:16 of 1st period - Wrist shot by Benoit Pouliot.
11:16 of 1st period - Goal by Benoit Pouliot - Sabres : 1 - Oilers : 1.
11:17 of 1st period - Ryan Kesler wins face-off versus Lars Eller in neutral zone.
12:43 of 1st period - Jason Demers is hit by Rasmus Ristolainen and loses puck.
13:00 of 1st period - Alec Martinez is hit by Andrew MacDonald and loses puck.
13:11 of 1st period - Wrist shot by Nicklas Backstrom.
13:11 of 1st period - Stopped by Karri Ramo without a rebound.
13:12 of 1st period - Brett Connolly wins face-off versus Boyd Gordon in Sabres zone.
13:17 of 1st period - Snap shot by Brett Connolly.
13:17 of 1st period - Shot Blocked by Matt Bartkowski.
13:19 of 1st period - Wrist shot by Jamie McGinn.
13:19 of 1st period - Shot Blocked by Alec Martinez.
13:21 of 1st period - Wrist shot by Trevor Lewis.
13:21 of 1st period - Stopped by Karri Ramo with a rebound.
13:23 of 1st period - Snap shot by Jamie McGinn.
13:23 of 1st period - Shot Misses the Net.
13:25 of 1st period - Snap shot by Brett Connolly.
13:25 of 1st period - Stopped by Karri Ramo with a rebound.
13:27 of 1st period - Wrist shot by Trevor Lewis.
13:27 of 1st period - Shot Misses the Net.
14:37 of 1st period - Snap shot by Blake Wheeler.
14:37 of 1st period - Shot Blocked by Ryan McDonagh.
15:05 of 1st period - Ryan Kesler is hit by David Desharnais and loses puck.
15:18 of 1st period - Snap shot by Darren Helm.
15:18 of 1st period - Shot Misses the Net.
15:20 of 1st period - Slapshot by Jason Demers.
15:20 of 1st period - Stopped by Karri Ramo with a rebound.
15:52 of 1st period - Wrist shot by Chris Higgins.
15:52 of 1st period - Shot Blocked by Andrew MacDonald.
16:04 of 1st period - Gustav Nyquist is hit by Nicklas Backstrom.
16:08 of 1st period - Snap shot by Sidney Crosby.
16:08 of 1st period - Shot Misses the Net.
16:28 of 1st period - Wrist shot by Brett Connolly.
16:28 of 1st period - Stopped by Karri Ramo without a rebound.
16:29 of 1st period - Ryan Kesler wins face-off versus Brett Connolly in Sabres zone.
16:31 of 1st period - Minor Penalty to Ryan Kesler for Hooking.
16:32 of 1st period - Boyd Gordon wins face-off versus Nicklas Backstrom in Sabres zone.
16:36 of 1st period - Snap shot by Nicklas Backstrom.
16:36 of 1st period - Goal by Nicklas Backstrom - Sabres : 1 - Oilers : 2.
16:37 of 1st period - Ryan Kesler wins face-off versus Lars Eller in neutral zone.
17:35 of 1st period - Wrist shot by Sidney Crosby.
17:35 of 1st period - Stopped by Jaroslav Halak without a rebound.
17:36 of 1st period - Sidney Crosby wins face-off versus Nicklas Backstrom in Oilers zone.
18:06 of 1st period - Snap shot by Gustav Nyquist.
18:06 of 1st period - Deflect By Sidney Crosby.
18:06 of 1st period - Shot Misses the Net.
18:06 of 1st period - Puck is out of play.
18:07 of 1st period - David Desharnais wins face-off versus Benoit Pouliot in Oilers zone.
18:29 of 1st period - Chris Higgins is hit by Jannik Hansen and loses puck.
18:36 of 1st period - Wrist shot by David Desharnais.
18:36 of 1st period - Deflect By Darren Helm.
18:36 of 1st period - Shot Misses the Net.
18:36 of 1st period - Puck is out of play.
18:37 of 1st period - Ryan Kesler wins face-off versus Brett Connolly in Sabres zone.
18:39 of 1st period - Icing by Steven Stamkos.
18:40 of 1st period - Brett Connolly wins face-off versus Ryan Kesler in Sabres zone.
18:47 of 1st period - Ryan McDonagh is hit by Ryan Kesler and loses puck.
19:02 of 1st period - Wrist shot by Ryan Kesler.
19:02 of 1st period - Shot Blocked by Niklas Hjalmarsson.
19:04 of 1st period - Snap shot by Brooks Orpik.
19:04 of 1st period - Shot Misses the Net.
19:25 of 1st period - Icing by Ryan McDonagh.
19:26 of 1st period - Sidney Crosby wins face-off versus Brett Connolly in Oilers zone.
19:33 of 1st period - Wrist shot by Sidney Crosby.
19:33 of 1st period - Shot Misses the Net.
19:37 of 1st period - Wrist shot by Sidney Crosby.
19:37 of 1st period - Shot Misses the Net.
Goals for this period are 1 for Sabres vs 2 for Oilers.
Shots for this period are 11 for Sabres vs 12 for Oilers.

2nd period


0:01 of 2nd period - Nicklas Backstrom wins face-off versus Ryan Kesler in neutral zone.
0:15 of 2nd period - Minor Penalty to Ryan Kesler for Hooking.
0:16 of 2nd period - Nicklas Backstrom wins face-off versus Chris Higgins in Sabres zone.
0:18 of 2nd period - Snap shot by Nicklas Backstrom.
0:18 of 2nd period - Stopped by Karri Ramo with a rebound.
0:20 of 2nd period - Backhand shot by Lars Eller.
0:20 of 2nd period - Shot Blocked by Alex Pietrangelo.
0:22 of 2nd period - Wrist shot by Patrick Marleau.
0:22 of 2nd period - Goal by Patrick Marleau - Sabres : 1 - Oilers : 3.
0:23 of 2nd period - Sidney Crosby wins face-off versus Nicklas Backstrom in neutral zone.
0:28 of 2nd period - Slapshot by Gustav Nyquist.
0:28 of 2nd period - Shot Misses the Net.
1:25 of 2nd period - Snap shot by Steven Stamkos.
1:25 of 2nd period - Shot Misses the Net.
1:27 of 2nd period - Slapshot by Brooks Orpik.
1:27 of 2nd period - Deflect By Steven Stamkos.
1:27 of 2nd period - Shot Misses the Net.
1:27 of 2nd period - Puck is out of play.
1:28 of 2nd period - Lars Eller wins face-off versus Benoit Pouliot in Oilers zone.
1:57 of 2nd period - Wrist shot by Andrew Ladd.
1:57 of 2nd period - Shot Misses the Net.
2:51 of 2nd period - Wrist shot by Ryan Kesler.
2:51 of 2nd period - Shot Misses the Net.
3:07 of 2nd period - Wrist shot by Ryan Kesler.
3:07 of 2nd period - Stopped by Jaroslav Halak with a rebound.
3:28 of 2nd period - Darren Helm is hit by Alec Martinez.
4:12 of 2nd period - Icing by Jay Bouwmeester.
4:13 of 2nd period - Lars Eller wins face-off versus Boyd Gordon in Sabres zone.
4:43 of 2nd period - Snap shot by Brayden Schenn.
4:43 of 2nd period - Shot Blocked by Brooks Orpik.
4:45 of 2nd period - Slapshot by Brayden McNabb.
4:45 of 2nd period - Stopped by Karri Ramo without a rebound.
4:46 of 2nd period - Nicklas Backstrom wins face-off versus David Perron in Sabres zone.
5:23 of 2nd period - Snap shot by Nicklas Backstrom.
5:23 of 2nd period - Shot Misses the Net.
5:39 of 2nd period - Alex Pietrangelo is hit by Brett Connolly and loses puck.
5:49 of 2nd period - Minor Penalty to Brett Connolly for Holding.
5:50 of 2nd period - Sidney Crosby wins face-off versus Nick Bonino in Oilers zone.
6:45 of 2nd period - Andrew MacDonald is hit by Benoit Pouliot and loses puck.
6:54 of 2nd period - Snap shot by Blake Wheeler.
6:54 of 2nd period - Shot Misses the Net.
7:20 of 2nd period - Snap shot by Blake Wheeler.
7:20 of 2nd period - Shot Blocked by Jason Demers.
7:49 of 2nd period - Penalty to Brett Connolly is over, Brett Connolly is back on ice.
8:03 of 2nd period - Slapshot by Jack Skille.
8:03 of 2nd period - Shot Misses the Net.
8:09 of 2nd period - Slapshot by Jay Bouwmeester.
8:09 of 2nd period - Stopped by Jaroslav Halak with a rebound.
8:11 of 2nd period - Slapshot by Jay Bouwmeester.
8:11 of 2nd period - Stopped by Jaroslav Halak with a rebound.
8:13 of 2nd period - Wrist shot by Boyd Gordon.
8:13 of 2nd period - Stopped by Jaroslav Halak without a rebound.
8:14 of 2nd period - Pierre-Alexandre Parenteau wins face-off versus Brett Connolly in Oilers zone.
8:17 of 2nd period - Snap shot by Benoit Pouliot.
8:17 of 2nd period - Shot Misses the Net.
8:37 of 2nd period - Wrist shot by Chris Higgins.
8:37 of 2nd period - Shot Blocked by Taylor Fedun.
8:44 of 2nd period - Minor Penalty to Chris Higgins for Hooking.
8:45 of 2nd period - Nicklas Backstrom wins face-off versus Boyd Gordon in Sabres zone.
9:04 of 2nd period - Icing by Nicklas Backstrom.
9:05 of 2nd period - Ryan Kesler wins face-off versus Nicklas Backstrom in Oilers zone.
9:22 of 2nd period - Patrick Marleau is hit by Boyd Gordon and loses puck.
9:31 of 2nd period - Backhand shot by Benoit Pouliot.
9:31 of 2nd period - Stopped by Jaroslav Halak with a rebound.
9:47 of 2nd period - Darren Helm is hit by Brooks Orpik and loses puck.
10:06 of 2nd period - Jason Demers is hit by Benoit Pouliot and loses puck.
10:15 of 2nd period - Nick Bonino is hit by Benoit Pouliot and loses puck.
10:38 of 2nd period - Ryan Kesler is hit by Brayden Schenn and loses puck.
10:44 of 2nd period - Penalty to Chris Higgins is over, Chris Higgins is back on ice.
10:49 of 2nd period - Alec Martinez is hit by Andrew Ladd and loses puck.
11:08 of 2nd period - Boyd Gordon is hit by Nicklas Backstrom.
11:46 of 2nd period - Minor Penalty to Brayden McNabb for Tripping.
11:47 of 2nd period - Patrick Marleau wins face-off versus Sidney Crosby in Oilers zone.
12:06 of 2nd period - Snap shot by Sidney Crosby.
12:06 of 2nd period - Stopped by Jaroslav Halak without a rebound.
12:07 of 2nd period - Sidney Crosby wins face-off versus Patrick Marleau in Oilers zone.
13:16 of 2nd period - Andrew MacDonald is hit by Benoit Pouliot and loses puck.
13:25 of 2nd period - Snap shot by Ryan Kesler.
13:25 of 2nd period - Shot Misses the Net.
13:27 of 2nd period - Slapshot by Blake Wheeler.
13:27 of 2nd period - Shot Misses the Net.
13:29 of 2nd period - Snap shot by Benoit Pouliot.
13:29 of 2nd period - Goal by Benoit Pouliot - Sabres : 2 - Oilers : 3.
13:30 of 2nd period - Trevor Lewis wins face-off versus Boyd Gordon in neutral zone.
14:09 of 2nd period - Alex Pietrangelo is hit by Brett Connolly and loses puck.
14:26 of 2nd period - Alec Martinez is hit by Andrew Ladd and loses puck.
15:14 of 2nd period - Minor Penalty to Niklas Hjalmarsson for Holding.
15:15 of 2nd period - Sidney Crosby wins face-off versus Patrick Marleau in Oilers zone.
15:24 of 2nd period - Wrist shot by Sidney Crosby.
15:24 of 2nd period - Stopped by Jaroslav Halak without a rebound.
15:25 of 2nd period - Sidney Crosby wins face-off versus Patrick Marleau in Oilers zone.
16:05 of 2nd period - Off-side.
16:06 of 2nd period - Nick Bonino wins face-off versus Benoit Pouliot in neutral zone.
16:23 of 2nd period - Snap shot by Andrew Ladd.
16:23 of 2nd period - Stopped by Karri Ramo with a rebound.
16:25 of 2nd period - Wrist shot by Nick Bonino.
16:25 of 2nd period - Shot Misses the Net.
16:59 of 2nd period - Snap shot by Darren Helm.
16:59 of 2nd period - Stopped by Karri Ramo with a rebound.
17:14 of 2nd period - Penalty to Niklas Hjalmarsson is over, Niklas Hjalmarsson is back on ice.
17:26 of 2nd period - Blake Wheeler is hit by Trevor Lewis and loses puck.
17:37 of 2nd period - Snap shot by Trevor Lewis.
17:37 of 2nd period - Stopped by Karri Ramo without a rebound.
17:38 of 2nd period - Lars Eller wins face-off versus Boyd Gordon in Sabres zone.
17:39 of 2nd period - Wrist shot by Andrew Ladd.
17:39 of 2nd period - Deflect By Brayden Schenn.
17:39 of 2nd period - Goal by Brayden Schenn - Sabres : 2 - Oilers : 4.
17:40 of 2nd period - Boyd Gordon wins face-off versus Lars Eller in neutral zone.
19:11 of 2nd period - Alex Pietrangelo is hit by Jason Demers and loses puck.
Goals for this period are 1 for Sabres vs 2 for Oilers.
Shots for this period are 8 for Sabres vs 7 for Oilers.

3rd period


0:01 of 3rd period - Nicklas Backstrom wins face-off versus Sidney Crosby in neutral zone.
0:13 of 3rd period - Off-side.
0:14 of 3rd period - Sidney Crosby wins face-off versus Nicklas Backstrom in neutral zone.
0:32 of 3rd period - Snap shot by Sidney Crosby.
0:32 of 3rd period - Deflect By Patrick Marleau.
0:32 of 3rd period - Stopped by Jaroslav Halak without a rebound.
0:33 of 3rd period - Ryan Kesler wins face-off versus Lars Eller in Oilers zone.
1:02 of 3rd period - Snap shot by David Perron.
1:02 of 3rd period - Stopped by Jaroslav Halak with a rebound.
1:04 of 3rd period - Slapshot by Alec Martinez.
1:04 of 3rd period - Shot Blocked by Andrew Ladd.
1:09 of 3rd period - Minor Penalty to Steven Stamkos for Interference.
1:10 of 3rd period - Boyd Gordon wins face-off versus Andrew Ladd in Sabres zone.
1:35 of 3rd period - Slapshot by Alex Pietrangelo.
1:35 of 3rd period - Stopped by Jaroslav Halak with a rebound.
1:37 of 3rd period - Slapshot by Brooks Orpik.
1:37 of 3rd period - Stopped by Jaroslav Halak with a rebound.
1:39 of 3rd period - Slapshot by Brooks Orpik.
1:39 of 3rd period - Shot Misses the Net.
1:41 of 3rd period - Snap shot by Alex Pietrangelo.
1:41 of 3rd period - Deflect By Patrick Marleau.
1:41 of 3rd period - Stopped by Jaroslav Halak without a rebound.
1:42 of 3rd period - David Desharnais wins face-off versus Ryan Kesler in Oilers zone.
1:44 of 3rd period - Minor Penalty to Brayden Schenn for Hooking.
1:45 of 3rd period - Sidney Crosby wins face-off versus Nicklas Backstrom in Oilers zone.
1:53 of 3rd period - Wrist shot by Sidney Crosby.
1:53 of 3rd period - Shot Misses the Net.
1:55 of 3rd period - Snap shot by Gustav Nyquist.
1:55 of 3rd period - Shot Blocked by Nicklas Backstrom.
1:57 of 3rd period - Slapshot by Sidney Crosby.
1:57 of 3rd period - Shot Blocked by Nicklas Backstrom.
2:19 of 3rd period - Wrist shot by Gustav Nyquist.
2:19 of 3rd period - Goal by Gustav Nyquist - Sabres : 3 - Oilers : 4.
2:20 of 3rd period - Sidney Crosby wins face-off versus Nicklas Backstrom in neutral zone.
2:45 of 3rd period - Alec Martinez is hit by Nicklas Backstrom and loses puck.
3:09 of 3rd period - Penalty to Steven Stamkos is over, Steven Stamkos is back on ice.
3:37 of 3rd period - Snap shot by Darren Helm.
3:37 of 3rd period - Stopped by Karri Ramo without a rebound.
3:38 of 3rd period - Ryan Kesler wins face-off versus Patrick Marleau in Sabres zone.
3:44 of 3rd period - Penalty to Brayden Schenn is over, Brayden Schenn is back on ice.
3:45 of 3rd period - Wrist shot by Ryan Kesler.
3:45 of 3rd period - Deflect By Benoit Pouliot.
3:45 of 3rd period - Deflect By Patrick Marleau.
3:45 of 3rd period - Shot Misses the Net.
3:45 of 3rd period - Puck is out of play.
3:46 of 3rd period - Ryan Kesler wins face-off versus Brett Connolly in Oilers zone.
4:13 of 3rd period - Snap shot by Ryan Kesler.
4:13 of 3rd period - Stopped by Jaroslav Halak without a rebound.
4:14 of 3rd period - David Desharnais wins face-off versus Boyd Gordon in Oilers zone.
4:21 of 3rd period - Brooks Orpik is hit by David Desharnais and loses puck.
5:27 of 3rd period - Wrist shot by Patrick Marleau.
5:27 of 3rd period - Deflect By Nicklas Backstrom.
5:27 of 3rd period - Shot Blocked by Jay Bouwmeester.
5:27 of 3rd period - Puck is out of play.
5:28 of 3rd period - Lars Eller wins face-off versus Benoit Pouliot in Sabres zone.
5:39 of 3rd period - Snap shot by Andrew Ladd.
5:39 of 3rd period - Stopped by Karri Ramo with a rebound.
5:41 of 3rd period - Snap shot by Lars Eller.
5:41 of 3rd period - Shot Misses the Net.
5:43 of 3rd period - Slapshot by Jason Demers.
5:43 of 3rd period - Stopped by Karri Ramo with a rebound.
5:45 of 3rd period - Slapshot by Andrew MacDonald.
5:45 of 3rd period - Deflect By Lars Eller.
5:45 of 3rd period - Stopped by Karri Ramo with a rebound.
7:06 of 3rd period - Wrist shot by Steven Stamkos.
7:06 of 3rd period - Stopped by Jaroslav Halak with a rebound.
7:17 of 3rd period - Minor Penalty to Brooks Orpik for Hooking.
7:18 of 3rd period - Ryan Kesler wins face-off versus Nicklas Backstrom in Sabres zone.
8:25 of 3rd period - Slapshot by Jason Demers.
8:25 of 3rd period - Stopped by Karri Ramo with a rebound.
9:13 of 3rd period - Snap shot by Chris Higgins.
9:13 of 3rd period - Stopped by Jaroslav Halak without a rebound.
9:14 of 3rd period - Boyd Gordon wins face-off versus Brayden Schenn in Oilers zone.
9:17 of 3rd period - Penalty to Brooks Orpik is over, Brooks Orpik is back on ice.
9:17 of 3rd period - Slapshot by Jay Bouwmeester.
9:17 of 3rd period - Stopped by Jaroslav Halak without a rebound.
9:18 of 3rd period - David Desharnais wins face-off versus Sidney Crosby in Oilers zone.
9:23 of 3rd period - Snap shot by Patrick Marleau.
9:23 of 3rd period - Deflect By Nick Bonino.
9:23 of 3rd period - Shot Misses the Net.
9:23 of 3rd period - Puck is out of play.
9:24 of 3rd period - Sidney Crosby wins face-off versus Brett Connolly in Sabres zone.
9:57 of 3rd period - Brooks Orpik is hit by Patrick Marleau.
10:51 of 3rd period - Benoit Pouliot is hit by Brayden Schenn and loses puck.
11:08 of 3rd period - Steven Stamkos is hit by Andrew Ladd.
12:20 of 3rd period - Jack Skille is hit by Jason Demers and loses puck.
12:52 of 3rd period - Wrist shot by David Desharnais.
12:52 of 3rd period - Stopped by Karri Ramo without a rebound.
12:53 of 3rd period - Sidney Crosby wins face-off versus David Desharnais in Sabres zone.
12:55 of 3rd period - Icing by Gustav Nyquist.
12:56 of 3rd period - Sidney Crosby wins face-off versus David Desharnais in Sabres zone.
13:05 of 3rd period - Snap shot by Gustav Nyquist.
13:05 of 3rd period - Shot Misses the Net.
13:17 of 3rd period - Minor Penalty to Matt Bartkowski for Tripping.
13:18 of 3rd period - Ryan Kesler wins face-off versus Nicklas Backstrom in Sabres zone.
14:26 of 3rd period - Snap shot by David Desharnais.
14:26 of 3rd period - Shot Misses the Net.
14:53 of 3rd period - Backhand shot by Ryan Kesler.
14:53 of 3rd period - Shot Misses the Net.
15:17 of 3rd period - Penalty to Matt Bartkowski is over, Matt Bartkowski is back on ice.
15:37 of 3rd period - Trevor Lewis is hit by Blake Wheeler.
16:28 of 3rd period - Wrist shot by Steven Stamkos.
16:28 of 3rd period - Shot Hit the Post.
16:36 of 3rd period - David Perron is hit by Trevor Lewis and loses puck.
16:53 of 3rd period - Wrist shot by Patrick Marleau.
16:53 of 3rd period - Stopped by Karri Ramo with a rebound.
17:43 of 3rd period - Minor Penalty to Taylor Fedun for Interference.
17:44 of 3rd period - Sidney Crosby wins face-off versus Nick Bonino in Oilers zone.
18:44 of 3rd period - Jason Demers is hit by Blake Wheeler and loses puck.
18:47 of 3rd period - Sabres, Karri Ramo is pulled from the net.
18:58 of 3rd period - Icing by Blake Wheeler.
18:59 of 3rd period - Karri Ramo from Sabres was sent back in the game.
18:59 of 3rd period - Ryan Kesler wins face-off versus Nick Bonino in Sabres zone.
19:04 of 3rd period - Sabres, Karri Ramo is pulled from the net.
19:22 of 3rd period - Darren Helm is hit by Steven Stamkos and loses puck.
19:43 of 3rd period - Penalty to Taylor Fedun is over, Taylor Fedun is back on ice.
Goals for this period are 1 for Sabres vs 0 for Oilers.
Shots for this period are 10 for Sabres vs 7 for Oilers.